[Event "Polish University-ch Teams 2024"]
[Site "Lublin"]
[Date "2024.02.25"]
[Round "8.17"]
[White "Musial, Tomasz"]
[Black "Sujkowski, Dominik"]
[Result "1-0"]
[ECO "B31"]
[WhiteElo "2171"]
[BlackElo "1562"]
[Annotator "RC"]
[PlyCount "61"]
[EventDate "2024.02.22"]
[EventType "team-tourn"]
[EventCountry "POL"]
[SourceTitle "playchess.com"]
[Source "ChessBase"]
[SourceQuality "1"]
[TimeControl "900+5"]

1. e4 c5 2. Nf3 Nc6 3. Bb5 g6 4. Bxc6 dxc6 5. d3 Bg7 6. h3 e5 7. Be3 b6 8. a4 a5 9. Na3 Qc7 10. O-O Nf6 11. Nd2 Nh5 12. Ndc4 O-O 13. Qd2 Nf4 14. Rae1 Ne6 15. Bh6 Ba6 16. Bxg7 Kxg7 17. g3 Rad8 18. f4 Bxc4 19. Nxc4 f6 20. f5 Ng5 21. h4 Nf7 22. Qe2 Nd6 23. Ne3 c4 24. dxc4 Nxe4 25. Qg4 Nc5 26. fxg6 hxg6 27. h5 Qf7 28. Nf5+ Kh7 29. hxg6+ Qxg6 30. Qh4+ Kg8 31. Ne7+ 1-0

[Event "Polish University-ch Teams 2024"]
[Site "Lublin"]
[Date "2024.02.25"]
[Round "8.18"]
[White "Rykala, Monika"]
[Black "Giefert, Sara"]
[Result "1-0"]
[ECO "A48"]
[WhiteElo "1893"]
[BlackElo "1704"]
[Annotator "NA"]
[PlyCount "159"]
[EventDate "2024.02.22"]
[EventType "team-tourn"]
[EventCountry "POL"]
[SourceTitle "playchess.com"]
[Source "ChessBase"]
[SourceQuality "1"]
[TimeControl "900+5"]

1. d4 Nf6 2. Nf3 d6 3. Bf4 g6 4. e3 Bg7 5. c3 Nbd7 6. h3 b6 7. Be2 Bb7 8. O-O O-O 9. Bh2 c5 10. Qb3 Rc8 11. Rd1 d5 12. Nbd2 Re8 13. Ne5 Nxe5 14. Bxe5 c4 15. Qc2 b5 16. Bf3 a5 17. a3 Qb6 18. Re1 Nd7 19. Bxg7 Kxg7 20. e4 e5 21. Bg4 Rcd8 22. Bxd7 Rxd7 23. exd5 Rxd5 24. a4 Qc6 25. f3 exd4 26. axb5 Rxb5 27. cxd4 Rb4 28. Qc3 Kg8 29. Ne4 Rb6 30. d5 Qd7 31. Qd4 Ra6 32. Nf6+ Rxf6 33. Qxf6 Rf8 34. Rxa5 Qc7 35. Raa1 Qc5+ 36. Kh2 Qxd5 37. Qe5 Qc6 38. Rac1 Rc8 39. Rc3 Qb6 40. Rce3 Qc6 41. Kh1 Qb6 42. Qc3 Qc6 43. Qd4 Qb5 44. Re5 Qc6 45. Re7 Ba6 46. Qf4 Qd5 47. Qf6 Bb5 48. Qc3 Rf8 49. Qe5 Qxe5 50. R1xe5 Ba4 51. Rc5 Bb3 52. Rcc7 Kg7 53. Kh2 Kf6 54. Kg3 h6 55. h4 Kg7 56. Red7 Kf6 57. Kf2 Kg7 58. g4 g5 59. hxg5 hxg5 60. Rd6 Re8 61. Rd5 Kg6 62. Rc6+ Re6 63. Rxe6+ fxe6 64. Rc5 Kf6 65. Ke3 Ba2 66. f4 gxf4+ 67. Kxf4 Bb3 68. Rc6 Ba2 69. g5+ Kf7 70. Rc7+ Kg6 71. Re7 c3 72. bxc3 Bd5 73. Rc7 Bb3 74. c4 e5+ 75. Kxe5 Kxg5 76. c5 Ba4 77. Kd6 Kf5 78. Re7 Kf6 79. Re1 Bb5 80. c6 1-0

[Event "Polish University-ch Teams 2024"]
[Site "Lublin"]
[Date "2024.02.25"]
[Round "8.19"]
[White "Lukasiewicz, Krzysztof"]
[Black "Mis, Mieszko"]
[Result "1/2-1/2"]
[ECO "A45"]
[WhiteElo "2290"]
[BlackElo "2325"]
[Annotator "ChessBase"]
[PlyCount "22"]
[EventDate "2024.02.22"]
[EventType "team-tourn"]
[EventCountry "POL"]
[SourceTitle "playchess.com"]
[Source "ChessBase"]
[SourceQuality "1"]
[TimeControl "900+5"]

1. d4 Nf6 2. Bf4 c5 3. e3 g6 4. Nc3 Bg7 5. Nf3 b6 6. Be2 Bb7 7. d5 O-O 8. e4 d6 9. O-O Nbd7 10. h3 Ne8 11. Bd3 Nc7 1/2-1/2

[Event "Polish University-ch Teams 2024"]
[Site "Lublin"]
[Date "2024.02.25"]
[Round "8.20"]
[White "Jarocka, Liwia"]
[Black "Fiedorek, Michal"]
[Result "0-1"]
[ECO "B62"]
[WhiteElo "2199"]
[BlackElo "2286"]
[Annotator "TA"]
[PlyCount "80"]
[EventDate "2024.02.22"]
[EventType "team-tourn"]
[EventCountry "POL"]
[SourceTitle "playchess.com"]
[Source "ChessBase"]
[SourceQuality "1"]
[TimeControl "900+5"]

1. e4 c5 2. Nf3 d6 3. Nc3 Nc6 4. d4 cxd4 5. Nxd4 Nf6 6. Bg5 e6 7. Qd3 Be7 8. O-O-O O-O 9. f4 Qb6 10. Kb1 Rd8 (10... h6 $5 11. Bh4 Bd7 $14) 11. Be2 {[%emt 0:00:51] Weiß steht etwas besser.} Bd7 12. Nb3 a5 13. Nd2 $1 d5 {[%emt 0:03:25] Pariert Nc4.} 14. exd5 (14. e5 $1 $14 Ne8 15. Bxe7 Nxe7 16. g4) 14... exd5 15. Qb5 {[%emt 0:01:21] Pariert Nb4.} Qa7 (15... Qe3 $11 {bleibt in der Remisbreite.} 16. Bxf6 (16. Qxb7 $2 Rab8 $19) 16... Nb4 (16... Bxf6 $2 17. Nxd5 Nd4 18. Nxe3 $18) 17. Nxd5 (17. Qxb7 $2 Bxf6 18. Nc4 dxc4 $19) (17. Nf1 $2 Qe6 $19) 17... Nxd5 18. Qxd5 Bxf6) 16. Bxf6 $1 $16 (16. Nxd5 Nxd5 17. Qxd5 Nb4 $17) 16... Bxf6 17. Nxd5 (17. Qxd5 Be6 18. Qe4 (18. Qf3 Nd4 $17) 18... Bxc3 19. bxc3 Bd5 $17) 17... Bd4 {[%emt 0:00:26][%cal Oc6b4] Droht ...Nb4! und aus.} 18. Nf3 Bc5 ({Vorzuziehen ist} 18... Ne5 19. Qb3 a4) 19. Qc4 (19. Ng5 $1 $16 {Droht stark Qd3.} h6 20. Ne4) 19... b5 $14 20. Qd3 (20. Qe4 $11 {hält das Gleichgewicht.} Re8 21. Ne5) 20... Nb4 $36 {[%emt 0:00:01][%mdl 2048] Weiss muss aufpassen.} 21. Qe4 {[%emt 0:00:24] [#]} Be6 {[%emt 0:01:22] Ein starkes Läuferpaar.} (21... f5 $1 $17 22. Ne7+ Kf8 23. Nxf5 Bc6) 22. Ng5 Nxd5 (22... Bxd5 $11 23. Qxh7+ Kf8) 23. Qxh7+ $16 Kf8 24. Nxe6+ (24. Bf3 {wäre vielleicht verwirrender.} Bd4 25. Rhe1 Ne3 26. Rd3) 24... fxe6 25. Qh8+ Kf7 26. Qh5+ {[%emt 0:00:01] [#]} (26. Bh5+ $14 {war der einzige gute Zug.} Kf6 27. Qh7 Nxf4 28. Bf3 (28. Rdf1 Bf2 $19) 28... Rxd1+ 29. Rxd1) 26... Kg8 (26... g6 $1 $17 27. Qh7+ Kf6) 27. Bg4 (27. Bd3 $1 $11) 27... Qf7 $17 (27... Nxf4 $2 28. Qe5 $18) 28. Qh4 (28. Qe5 $17 Ra6 (28... Qxf4 $2 29. Bxe6+ Kh7 30. Qh5+ Qh6 31. Rxd5 $18) 29. Rd3) 28... Nf6 (28... Qxf4 29. Rxd5 (29. Bxe6+ Kf8 $14) 29... exd5 30. Be6+ $18) 29. Bf3 Rac8 30. Rxd8+ Rxd8 31. g4 (31. Qe1 {ist eine bessere Verteidigung.}) 31... Be7 {[%emt 0:00:11][%cal Of6e4] Und jetzt ...Ne4! wäre schön.} 32. g5 Nd5 33. Be4 g6 (33... Qxf4 34. Qh7+ Kf8 35. Qh8+ Kf7 36. Qh5+ Kf8 (36... Kg8 37. Qh7+ Kf8 38. Qh8+ Kf7 39. Qh5+ Kf8 40. Qh8+ $11) 37. Qh8+ Kf7 38. Qh5+ Kf8 (38... Kg8 39. Qh7+ Kf8 40. Qh8+ $11) 39. Qh8+ $11) 34. Qh6 Nxf4 (34... Qxf4 35. Qxg6+ Kf8 36. Qh6+ Ke8 37. Qxe6 $16) 35. Rf1 $2 (35. Qh4) 35... e5 $19 36. b3 {[%emt 0:00:03] Lässt Qc4 nicht zu} Qh7 (36... Ba3 $142 {( -> ...Qd7)} 37. Bxg6 Qxg6 38. Qxg6+ Nxg6) 37. Bc6 (37. Qxh7+ $142 Kxh7 38. h4) 37... Qxh6 {[%emt 0:00:09] Schwarz steht klar auf Gewinn.} 38. gxh6 b4 39. Re1 Bf6 {[%emt 0:00:04] ...Bh4 ist eine echte Drohung.} 40. Bb5 (40. Be4 $142) 40... Kh7 {[%emt 0:00:06] Gewichteter Fehlerwert: Weiß=0.65/Schwarz=0.50.  Fehler:       	Weiß=9     	Schwarz=5     Ungenau:       	Weiß=3     	Schwarz=3     OK:         	Weiß=5     	Schwarz=8     Bester:       	Weiß=1     	Schwarz=3     Stark:        	Weiß=2     	---} 0-1

[Event "Polish University-ch Teams 2024"]
[Site "Lublin"]
[Date "2024.02.25"]
[Round "8.21"]
[White "Pultorak, Jan"]
[Black "Golecki, Jan"]
[Result "0-1"]
[ECO "A12"]
[WhiteElo "2303"]
[BlackElo "2185"]
[Annotator "RC"]
[PlyCount "130"]
[EventDate "2024.02.22"]
[EventType "team-tourn"]
[EventCountry "POL"]
[SourceTitle "playchess.com"]
[Source "ChessBase"]
[SourceQuality "1"]
[TimeControl "900+5"]

1. b3 d5 2. Bb2 Nf6 3. e3 g6 4. Nf3 Bg7 5. Be2 O-O 6. O-O c6 7. c4 Bf5 8. Nc3 Nbd7 9. cxd5 Nxd5 10. d4 Nxc3 11. Bxc3 Qc7 12. Qd2 Rfd8 13. Qb2 Nb6 14. Rac1 Nd5 15. a4 Nxc3 16. Qxc3 a5 17. h3 Qb6 18. Bc4 Rac8 19. Ng5 Rf8 20. e4 Bd7 21. Nf3 Qc7 22. Rfd1 c5 23. Qe3 cxd4 24. Nxd4 Qb6 25. Nf5 Qxe3 26. Nxe7+ Kh8 27. fxe3 Rcd8 28. Rf1 Rde8 29. Nd5 Rxe4 30. Nf6 Bxf6 31. Rxf6 Kg7 32. Rcf1 Bf5 33. Rb6 Re7 34. Bd5 Rd8 35. e4 Be6 36. Bxe6 fxe6 37. Rb5 Rd4 38. e5 Rc7 39. Rxa5 Rd2 40. Rb5 Rcc2 41. Rxb7+ Kh6 42. Re1 Rxg2+ 43. Kh1 Rh2+ 44. Kg1 Rcg2+ 45. Kf1 Rb2 46. Kg1 Rxh3 47. b4 Rh4 48. Rb6 Rg4+ 49. Kf1 Rf4+ 50. Kg1 Rfxb4 51. Rxe6 Kg5 52. Rc6 Rxa4 53. e6 Rg4+ 54. Kf1 Rbb4 55. Rc5+ Kf6 56. Rce5 Rbf4+ 57. Ke2 Re4+ 58. Kf3 Ref4+ 59. Ke2 Ke7 60. Kd3 Rd4+ 61. Kc3 Rc4+ 62. Kb3 Rc6 63. R5e3 Rg5 64. Ra1 Rb5+ 65. Ka4 Rb8 0-1

[Event "Polish University-ch Teams 2024"]
[Site "Lublin"]
[Date "2024.02.25"]
[Round "8.23"]
[White "Adamczewski, Jedrzej"]
[Black "Parol, Pola"]
[Result "1-0"]
[ECO "B96"]
[WhiteElo "1917"]
[BlackElo "2030"]
[Annotator "NA"]
[PlyCount "97"]
[EventDate "2024.02.22"]
[EventType "team-tourn"]
[EventCountry "POL"]
[SourceTitle "playchess.com"]
[Source "ChessBase"]
[SourceQuality "1"]
[TimeControl "900+5"]

1. e4 c5 2. Nf3 d6 3. d4 cxd4 4. Nxd4 Nf6 5. Nc3 a6 6. Bg5 e6 7. f4 h6 8. Bh4 Qb6 9. Qd2 Qxb2 10. Rb1 Qa3 11. f5 Be7 12. fxe6 fxe6 13. Bc4 Nxe4 14. Nxe4 Bxh4+ 15. g3 Bg5 16. Nxg5 hxg5 17. Nb3 Qa4 18. Bd3 O-O 19. Qxg5 Qb4+ 20. Nd2 Qd4 21. Rf1 Qe5+ 22. Qxe5 dxe5 23. Bh7+ Kxh7 24. Rxf8 Nc6 25. Rb6 g5 26. Ne4 Kg7 27. Re8 Rb8 28. Nd6 Na7 29. h4 gxh4 30. gxh4 Kf6 31. Kf2 e4 32. Ke3 Ke5 33. h5 Kf6 34. Kxe4 Kg7 35. Ke5 Nc6+ 36. Rxc6 bxc6 37. Rxc8 Rb2 38. Rxc6 Rxa2 39. Kxe6 Ra5 40. Nf5+ Kh7 41. Rc7+ Kg8 42. c4 Ra1 43. c5 a5 44. c6 Re1+ 45. Kd7 Rd1+ 46. Nd6 Rd5 47. Ra7 Rxh5 48. c7 Rh7+ 49. Kc6 1-0

[Event "Polish University-ch Teams 2024"]
[Site "Lublin"]
[Date "2024.02.25"]
[Round "8.24"]
[White "Kaczmarska, Joanna"]
[Black "Wojtas, Julia"]
[Result "1-0"]
[ECO "B30"]
[WhiteElo "1870"]
[BlackElo "1346"]
[Annotator "NA"]
[PlyCount "93"]
[EventDate "2024.02.22"]
[EventType "team-tourn"]
[EventCountry "POL"]
[SourceTitle "playchess.com"]
[Source "ChessBase"]
[SourceQuality "1"]
[TimeControl "900+5"]

1. Nf3 d6 2. d3 Nf6 3. g3 c5 4. Bg2 Nc6 5. O-O e6 6. e4 Be7 7. Nbd2 O-O 8. Ne1 Qc7 9. f4 d5 10. g4 b5 11. g5 Nd7 12. exd5 exd5 13. Bxd5 Nb6 14. Bg2 Bb7 15. Ne4 f6 16. gxf6 Bxf6 17. Nf3 Ne7 18. c3 Rad8 19. Qb3+ c4 20. Qxb5 cxd3 21. Nxf6+ Rxf6 22. Bd2 Nf5 23. Qe5 Qf7 24. Ng5 Qd7 25. Ne4 Bxe4 26. Qxe4 Re8 27. Qf3 Nh4 28. Qh3 Qxh3 29. Bxh3 Rg6+ 30. Kh1 Re2 31. Be1 Ng2 32. Bg3 Ne3 33. Rf2 Rxf2 34. Bxf2 Nbd5 35. Bf1 d2 36. Be2 Re6 37. Bd1 Nxf4 38. Bb3 d1=Q+ 39. Bxd1 Nxd1 40. Rxd1 Re2 41. Bg3 Ng2 42. Rb1 Ne3 43. a4 a6 44. b4 Ra2 45. b5 Rxa4 46. b6 Nc4 47. b7 1-0

[Event "Polish University-ch Teams 2024"]
[Site "Lublin"]
[Date "2024.02.25"]
[Round "9.1"]
[White "Janik, Igor"]
[Black "Wikar, Martyna"]
[Result "1-0"]
[ECO "B31"]
[WhiteElo "2499"]
[BlackElo "2214"]
[Annotator "TA"]
[PlyCount "67"]
[EventDate "2024.02.22"]
[EventType "team-tourn"]
[EventCountry "POL"]
[SourceTitle "playchess.com"]
[Source "ChessBase"]
[SourceQuality "1"]
[TimeControl "900+5"]

1. e4 c5 2. Nf3 Nc6 3. Bb5 g6 4. Bxc6 dxc6 5. d3 Bg7 6. h3 e5 7. a3 Qd6 8. Nbd2 Be6 9. b4 {[%emt 0:00:01] White is slightly better.} Nf6 10. bxc5 Qxc5 11. a4 Qd6 12. Ba3 c5 {[%emt 0:00:06] [#]} 13. d4 $1 Nh5 (13... exd4 14. e5) 14. Bxc5 Qc7 15. O-O b6 (15... Nf4 $14) 16. Ba3 {[%emt 0:00:21] Strongly threatening Nxe5.} exd4 {[%emt 0:00:05] [#]} 17. e5 $1 {[%emt 0:00:01][%mdl 512] Black must now prevent Ne4.} Bxe5 (17... Bf8 18. Bxf8) 18. Nxe5 Qxe5 19. Re1 Qc7 20. Ne4 $2 (20. a5 $18 {and White stays clearly on top.}) 20... O-O-O $16 21. a5 $36 {[%emt 0:00:01][%mdl 2048] White is pushing.} Kb8 $2 {[%emt 0:02:28][%mdl 8192] A mistake that costs the game.} ({Better is} 21... b5 $1 $14) 22. axb6 $18 axb6 23. Qb1 Rd5 {[%emt 0:01:25] Prevents Bc5} 24. Bb4 {[%emt 0:00:40][%cal Oc2c4] aiming for c4!} Nf4 25. Qa2 Nxh3+ 26. gxh3 Rg5+ 27. Nxg5 Bxa2 28. Rxa2 Rd8 29. Rea1 {[%emt 0:00:18] White is clearly winning.} (29. Nxh7 Qf4 $16) 29... Qc6 {[%emt 0:00:17] Wards off Ra8+} 30. Nxf7 ({Less strong is} 30. Nxh7 Rd5 $16) 30... Rd5 {[%emt 0:00:13] [#]} 31. Bd6+ $1 Rxd6 32. Ra8+ Kc7 33. R1a7+ Qb7 34. Nxd6 {[%emt 0:00:03] Weighted Error Value: White=0.35/Black=0.68.  Loses game:     	---       	Black=1      Mistake:       	White=1     	Black=1      Inaccurate:     	White=1     	Black=4      OK:         	White=5     	Black=4      Best:        	White=5     	Black=3      Brilliant:      	White=1     	---} 1-0

[Event "Polish University-ch Teams 2024"]
[Site "Lublin"]
[Date "2024.02.25"]
[Round "9.2"]
[White "Garbowski, Jakub"]
[Black "Kowalski, Igor"]
[Result "0-1"]
[ECO "B08"]
[WhiteElo "2119"]
[BlackElo "2372"]
[Annotator "TA"]
[PlyCount "130"]
[EventDate "2024.02.22"]
[EventType "team-tourn"]
[EventCountry "POL"]
[SourceTitle "playchess.com"]
[Source "ChessBase"]
[SourceQuality "1"]
[TimeControl "900+5"]

1. e4 g6 2. d4 Bg7 3. Nc3 d6 4. Be3 a6 5. a4 Nc6 6. h3 e5 7. Nf3 exd4 8. Nxd4 Nf6 9. Be2 O-O 10. O-O Re8 {[%emt 0:00:04] B08: Pirc Defence: Classical System.} 11. Bf3 Ne5 12. Be2 Nc6 $146 ({Predecessor:} 12... Ned7 13. Bd3 Nc5 14. Qf3 c6 15. Nb3 Nxd3 16. cxd3 Nd7 17. a5 c5 18. Qd1 Nf6 19. Na4 Be6 {1-0 Erenburg,S (2585)-Grischuk,A (2709) Wch Blitz 1st 2006 (3)}) 13. Bf3 Nd7 14. Qd2 Nxd4 15. Bxd4 Bxd4 16. Qxd4 Qf6 17. Rad1 Qxd4 18. Rxd4 Nf6 19. Rfd1 Re7 20. a5 Bd7 21. Rb4 Bc6 22. Nd5 Bxd5 23. exd5 Rb8 24. Kf1 b6 (24... Nd7 $11) 25. axb6 (25. Ra1 $16) 25... Rxb6 26. Rdd4 Nd7 27. Be2 a5 28. Rxb6 Nxb6 29. b3 Re5 30. Bf3 Kg7 31. Rd3 a4 32. bxa4 Nxa4 33. Ra3 Nb6 34. Ra7 Re7 35. g3 Kf6 36. Kg2 (36. Ra3 $11) 36... Ke5 $15 37. Ra5 Kd4 38. h4 Kc3 39. Ra2 Nc4 40. g4 h6 41. h5 Ne5 42. Be2 f5 43. hxg6 (43. f4 $11 {remains equal.} Nd7 44. Bd3) 43... Nxg6 (43... fxg4 $17 {[%cal Oe7g7] And now ...Rg7! would win.} 44. Bd3 Nxd3 45. cxd3 Rg7 (45... Kxd3 46. f4 $11)) 44. Bf3 ({White should play} 44. gxf5 $15 Nf4+ (44... Rxe2 $2 {loses.} 45. fxg6 Re8 46. Ra4 $18) 45. Kf1) 44... fxg4 $17 45. Bxg4 Nf4+ 46. Kf3 (46. Kf1 $17) 46... Nxd5 $19 47. Ra5 (47. Bf5 {keeps fighting.}) 47... Re5 48. Ra8 h5 ({Stronger than} 48... Kxc2 49. Rh8 $11) 49. Bd7 Kxc2 50. Rc8 Kd3 51. Bb5+ (51. Ra8 $142) 51... Kd4 $19 52. Rh8 Rf5+ 53. Kg3 Nf6 54. Bc6 d5 55. f3 Kc5 56. Bb7 d4 57. Rd8 Nd5 58. Kf2 c6 59. Rc8 Rf6 60. Rh8 Nf4 61. Ba6 Rd6 62. Ke1 Re6+ 63. Kd2 Re3 64. Rf8 Rxf3 65. Be2 Rf2 0-1

[Event "Polish University-ch Teams 2024"]
[Site "Lublin"]
[Date "2024.02.25"]
[Round "9.3"]
[White "Molenda, Marcin"]
[Black "Walaszczyk, Aleksander"]
[Result "1-0"]
[ECO "D97"]
[WhiteElo "2377"]
[BlackElo "1782"]
[Annotator "TA"]
[PlyCount "103"]
[EventDate "2024.02.22"]
[EventType "team-tourn"]
[EventCountry "POL"]
[SourceTitle "playchess.com"]
[Source "ChessBase"]
[SourceQuality "1"]
[TimeControl "900+5"]

1. d4 Nf6 2. c4 g6 3. Nc3 d5 4. Nf3 Bg7 5. Qb3 dxc4 6. Qxc4 O-O 7. e4 Nc6 8. Be2 e5 {[%emt 0:00:01] Gegen Bf4 gerichtet.} 9. d5 (9. Nxe5 $2 Nxd4 10. O-O Nxe4 11. Nxe4 Be6 $17 (11... Bxe5 $2 12. Bg5 $17)) 9... Nd4 10. Nxd4 (10. Nxe5 $2 Nc2+ 11. Kd1 Nxa1 $19) 10... exd4 {[%emt 0:00:02] Weiß steht etwas besser.} 11. Qxd4 c6 12. Qc4 b5 13. Qxc6 Bd7 14. Qd6 Re8 15. e5 (15. Bxb5 Nxe4 16. Qxd7 Nf6+ $15 (16... Nxc3+ $2 17. Qxe8+ Qxe8+ 18. Bxe8 $18) (16... Bxc3+ 17. bxc3 Nf6+ 18. Qxe8+ Nxe8 19. Bc6 $16) (16... Nxc3+ $2 17. Qxe8+ Qxe8+ 18. Bxe8 $18) (16... Bxc3+ 17. bxc3 Nf6+ 18. Qxe8+ Nxe8 19. Bc6 $14)) 15... Ng4 16. e6 (16. Bxb5 $2 Bxb5 (16... Nxe5 17. O-O $11) (16... Rxe5+ 17. Be2 $17) (16... Bxe5 17. Qxd7 Bxc3+ 18. Kd1 $15) 17. Qxd8 Raxd8 18. Nxb5 Rxd5 $17 (18... Nxe5 19. O-O $16) (18... Rxe5+ 19. Be3 $17)) 16... fxe6 $1 17. Qg3 (17. h3 $11 Ne5 18. dxe6 (18. Bxb5 Bxb5 19. Qxd8 Nd3+ 20. Kf1 Raxd8 $17) (18. Nxb5 exd5 19. Be3 Nf7 $15) 18... Rxe6 19. Qd1) 17... exd5 $2 (17... b4 $1 $19 18. O-O bxc3 19. bxc3 Nf6 20. dxe6 Bxe6 (20... Rxe6 21. Bc4 $15)) 18. O-O $15 Nf6 (18... Bxc3 $15 19. Bxg4 Be5) 19. Bf3 $36 {[%emt 0:03:01][%cal Oc1g5][%mdl 2048] Droht stark Bg5! Weiss kämpft um Vorteil.} Bc6 20. Bg5 {[%emt 0:00:11] Droht Rad1 und aus.} b4 {[%emt 0:00:03] [#]} ({Vorzuziehen ist} 20... Rc8 $14) 21. Nxd5 $1 $16 {[%emt 0:01:12][%mdl 512] Weiß steht aktiver.} Bxd5 22. Rad1 {[%emt 0:00:01] Und jetzt Bxd5+ wäre schön.} Qb8 {[%emt 0:03:23] Zielt auf ...Qxg3 ab.} 23. Bxf6 Bxf3 24. Qxf3 {[%emt 0:00:02] Beabsichtigt Qb3+ und Matt.} Bxf6 25. Qxf6 {[%emt 0:00:02] Weiss droht Rd7 und Matt.} Qe5 26. Qf3 Qe6 27. a3 (27. Qf4 {mit weiteren Verwicklungen.} Qxa2 28. Rd7 Rf8 29. Qxb4 Rab8 30. Qh4) 27... bxa3 28. bxa3 Rab8 29. h3 a5 (29... Rf8 $142 30. Qc3 Rbc8) 30. Rd3 Qe4 31. Qg3 Qe5 32. Rc1 {[%emt 0:00:35][%cal Bf1c1,Bc1c6,Bc6a6][%mdl 32] Schwarz muss nun Qxe5 beachten.} Qxg3 33. Rxg3 {[%emt 0:00:01][%mdl 4096] Endspiel. KRR-KRR} Re5 {[%emt 0:00:27] Es drohte Rg5} 34. Rf3 Rb7 35. Rc6 Kg7 (35... Reb5 $142) 36. Ra6 h5 (36... Rc5 $16 37. Rf4 Rbc7) 37. Rg3 $18 g5 {[%emt 0:00:38] [#]} 38. f4 $1 h4 39. Rxg5+ Rxg5 40. fxg5 {[%emt 0:00:00] KR-KR} Rb5 41. g6 Rf5 42. Kh2 Kh6 43. Kg1 (43. a4 $18) 43... Kg7 $1 $16 44. Rc6 {[%emt 0:00:18] Rc4 wäre nun fies.} Rd5 $2 {[%emt 0:00:00][%mdl 8192] [#]} (44... Rf4 $16 {ist eine bessere Verteidigung.} 45. Rc5 Ra4) 45. Rc4 $1 $18 Rd1+ $2 (45... Rh5 46. Rg4 a4 47. Rxa4 Kxg6) 46. Kh2 {[%emt 0:00:01] Weiß steht klar auf Gewinn.} Rd3 47. a4 ({Weniger gut wäre} 47. Rxh4 Rxa3 48. Rg4 Rd3 $18) 47... Ra3 48. Rxh4 Kxg6 49. Rc4 Kh6 50. h4 Kg6 51. g3 Rb3 52. Rc5 {[%emt 0:00:02] Gewichteter Fehlerwert: Weiß=0.26 (präzise) /Schwarz=0.31.  Verlustzug:     	Weiß=1     	Schwarz=1     Gewinn verpasst:   	---       	Schwarz=1     Fehler:       	Weiß=1     	Schwarz=6     Ungenau:       	Weiß=2     	Schwarz=1     OK:         	Weiß=15    	Schwarz=10    Bester:       	Weiß=2     	Schwarz=2     Stark:        	Weiß=2     	Schwarz=2} 1-0

[Event "Polish University-ch Teams 2024"]
[Site "Lublin"]
[Date "2024.02.25"]
[Round "9.4"]
[White "Kroliczek, Gabriela"]
[Black "Chylewski, Patryk"]
[Result "0-1"]
[ECO "B23"]
[WhiteElo "1928"]
[BlackElo "2285"]
[Annotator "TA"]
[PlyCount "66"]
[EventDate "2024.02.22"]
[EventType "team-tourn"]
[EventCountry "POL"]
[SourceTitle "playchess.com"]
[Source "ChessBase"]
[SourceQuality "1"]
[TimeControl "900+5"]

1. e4 c5 2. Nc3 e6 3. d4 cxd4 4. Qxd4 Nc6 5. Qd2 a6 6. f3 Nf6 7. b3 (7. Qf2 $11) 7... Bb4 (7... d5 $17 8. exd5 exd5 (8... Nxd5 9. Bb2 $11)) 8. Bb2 $15 {[%emt 0:00:03] Black is slightly better.} Qc7 9. Nge2 O-O 10. a3 Be7 11. O-O-O d6 (11... b5 $11) 12. g4 $16 b5 13. Na2 ({White should play} 13. g5 $16 {Nxb5 is the strong threat.} Nd7 14. Kb1) 13... Bb7 14. Kb1 Rfd8 15. Ng3 (15. g5 $1 $11 {keeps the balance.} Ne8 16. Qe3) 15... d5 $17 16. exd5 Nxd5 {[%emt 0:00:03] White must now prevent ...b4.} 17. Bd3 Nf4 (17... b4 $19 18. Bxg7 Kxg7 19. Nh5+ Kf8 20. Qh6+ Ke8) 18. Nh5 $2 (18. Qe3 $17) 18... Nxd3 $19 19. cxd3 e5 20. f4 Nd4 21. Rhf1 e4 22. Nc1 Bf8 {[%emt 0:01:04] [#] aiming for ...Rac8.} 23. Qf2 Bc5 {[%emt 0:00:44] ...Bb6 would now be deadly.} 24. Qg3 $2 {[%emt 0:00:27][%mdl 8192] This costs White the game.} (24. Nxg7 $17 e3 (24... Kxg7 25. dxe4 b4 26. axb4 $14) 25. Qxe3) 24... b4 25. a4 Rac8 {[%emt 0:00:26] Strongly threatening ...Ba7.} 26. dxe4 (26. f5 $142 Bd6 27. Qf2) 26... Bxe4+ 27. Ka2 Qc6 28. Rfe1 Bc2 {[%emt 0:00:13][%cal Od4b3] ( -> ...Nxb3!). A strong pair of Bishops.} 29. Rd2 {[%emt 0:00:03] [#]} Bxb3+ $1 30. Nxb3 (30. Kb1 Bc2+) 30... Qxa4+ 31. Kb1 Nxb3 32. Rxd8+ Rxd8 33. Qf2 Bxf2 {[%emt 0:00:04] Weighted Error Value: White=1.03/Black=0.32.  Loses game:     	White=2     	---        Mistake:       	White=4     	Black=3      Inaccurate:     	White=1     	Black=3      OK:         	White=3     	Black=6      Best:        	White=3     	Black=3} 0-1

[Event "Polish University-ch Teams 2024"]
[Site "Lublin"]
[Date "2024.02.25"]
[Round "9.5"]
[White "Hrymowicz, Artur"]
[Black "Lendzion, Kamil"]
[Result "1-0"]
[ECO "B80"]
[WhiteElo "2131"]
[BlackElo "1846"]
[Annotator "NA"]
[PlyCount "63"]
[EventDate "2024.02.22"]
[EventType "team-tourn"]
[EventCountry "POL"]
[SourceTitle "playchess.com"]
[Source "ChessBase"]
[SourceQuality "1"]
[TimeControl "900+5"]

1. e4 c5 2. Nf3 d6 3. d4 cxd4 4. Nxd4 Nf6 5. Nc3 a6 6. Be3 e6 7. f3 Be7 8. Qd2 Nc6 9. O-O-O Bd7 10. g4 h6 11. h4 d5 12. exd5 exd5 13. Bd3 Qa5 14. g5 Nh5 15. Nb3 Qb4 16. Nxd5 Qxd2+ 17. Rxd2 O-O-O 18. Nxe7+ Nxe7 19. gxh6 gxh6 20. Re1 Nd5 21. Bf2 Rhe8 22. Rxe8 Bxe8 23. Be4 Nhf6 24. Nc5 Bc6 25. Bf5+ Kc7 26. c4 Ne7 27. Bg3+ Kb6 28. Rxd8 Nxf5 29. Bf2 Kc7 30. Rf8 Nd6 31. Bg3 Nh5 32. Rxf7+ 1-0